 Dungeon Crawl Stone Soup version 0.25-a0-469-gd9b0b5b (webtiles) character file.

Game seed: 11606842033269290592, levelgen mode: deterministic

8132 Coldstonesans the Transmogrifier (level 11, -3/46 HPs)
             Began as a Felid Transmuter on Feb 5, 2020.
             Was an Initiate of Ru.
             Slain by Fannar
             ... wielding a +0 quarterstaff of freezing
              (10 damage)
             ... on level 10 of the Dungeon.
             The game lasted 00:46:49 (13730 turns).

Coldstonesans the Transmogrifier (FeTm)            Turns: 13730, Time: 00:46:50

Health: -3/46      AC:  2    Str:  6    XL:     11   Next: 5%
Magic:  10/22      EV: 28    Int: 17    God:    Ru [......]
Gold:   451        SH:  0    Dex: 20    Spells: 7/24 levels left
                                        Lives:  0   Deaths: 3

rFire    . . .     SeeInvis +     - Unarmed
rCold    + . .     Gourm    .   (shield unavailable)
rNeg     . . .     Faith    .   (armour unavailable)
rPois    .         Spirit   .   (helmet unavailable)
rElec    .         Reflect  .   (cloak unavailable)
rCorr    .         Harm     .   (gloves unavailable)
MR       +....                  (boots unavailable)
Stlth    ++++......             (no amulet)
HPRegen  0.15/turn              d - +2 ring of dexterity
MPRegen  0.18/turn              p - ring of protection from cold

@: blade paws, hasted, very quick
A: very small, no armour, no weapons or thrown items, stealth, claws 1, fangs 3,
see invisible, carnivore, speed 1, shaggy fur 2, slow metabolism 1
a: End Transformation, Renounce Religion


You were on level 10 of the Dungeon.
You worshipped Ru.
Ru was noncommittal.
You were not hungry.
You had blades for front paws.
You visited 2 branches of the dungeon, and saw 11 of its levels.
You also visited: Sewer.

You collected 451 gold pieces.

Inventory:

Missiles
 a - 150 arrows
Jewellery
 d - a +2 ring of dexterity (left scythe-like blade)
 p - a ring of protection from cold (right scythe-like blade)
 s - an uncursed ring of fire
 w - a cursed -5 ring of slaying {unknown}
 F - an uncursed ring of protection from magic
Wands
 n - a wand of flame (17)
 q - a wand of acid (11)
 r - a wand of paralysis (5)
 A - a wand of enslavement (6)
Scrolls
 b - 12 scrolls of remove curse
 e - 11 scrolls of identify
 h - 4 scrolls of teleportation
 j - a scroll of amnesia {unknown}
 k - 2 scrolls of enchant weapon {unknown}
 l - a scroll of immolation {unknown}
 o - 5 scrolls of magic mapping {unknown}
 t - 2 scrolls of fear {unknown}
 u - a scroll of blinking {unknown}
 y - a scroll of random uselessness {unknown}
 z - 2 scrolls of enchant armour {unknown}
 E - a scroll of noise {unknown}
 G - a scroll of acquirement {unknown}
Potions
 f - 2 potions of curing
 g - a potion of flight
 i - 2 potions of might
 v - a potion of resistance {unknown}
 x - 4 potions of agility
 B - a potion of magic {unknown}
 C - a potion of lignification {unknown}
 D - a potion of brilliance {unknown}
Comestibles
 c - 18 rations


   Skills:
 - Level 4.2 Fighting
 + Level 11.0 Dodging
 + Level 10.4 Stealth
 - Level 3.9 Unarmed Combat
 + Level 7.0 Spellcasting
 * Level 11.5 Transmutations
 + Level 5.9 Poison Magic


You had 7 spell levels left.
You knew the following spells:

 Your Spells              Type           Power        Failure   Level  Hunger
a - Beastly Appendage     Tmut           #####.       7%          1    None
b - Sticks to Snakes      Tmut           #####...     8%          2    None
c - Spider Form           Tmut/Pois      #####.....   14%         3    ##.....
d - Poisonous Vapours     Pois/Air       ###...       34%         2    None
e - Blade Hands           Tmut           #####.....   24%         5    #####..
f - Olgreb's Toxic Radia  Pois           ####....     45%         4    ####...

Your spell library contained the following spells:

 Spells                   Type           Power        Failure   Level  Hunger
 Sting                    Tmut/Pois      ####         10%         1    None
 Ignite Poison            Fire/Tmut/Pois ####....     26%         3    ##.....
 Ice Form                 Ice/Tmut       ####....     47%         4    ####...
 Petrify                  Tmut/Erth      ####....     47%         4    ####...
 Mephitic Cloud           Conj/Pois/Air  ##......     56%         3    ##.....
 Yara's Violent Unravell  Hex/Tmut       ####......   73%         5    #####..
 Confusing Touch          Hex            #.......     77%         3    ##.....
 Gell's Gravitas          Tloc           #.........   77%         3    ##.....
 Metabolic Englaciation   Hex/Ice        #.........   100%        5    #####..


Dungeon Overview and Level Annotations

Branches:
Dungeon (10/15)            Temple (1/1) D:6            Lair (0/6) D:9
  Sewer (visited)
    Orc: D:9-12

Altars:
Ashenzari
Cheibriados
Dithmenos
Elyvilon
Fedhas
Gozag
Hepliaklqana
Kikubaaqudgha
Makhleb
Nemelex Xobeh
Okawaru
Qazlal
Ru
Sif Muna
Trog
Uskayaw
Vehumet
Wu Jian
Xom
Yredelemnul
Zin
The Shining One

Annotations:
D:5 2 transporters, KlerbSmash's ghost, novice MiFi
D:10 Fannar


Innate Abilities, Weirdness & Mutations

You cannot wear armour.
You are incapable of wielding weapons or throwing items.
Your paws allow you to move quietly. (Stealth)
You have sharp claws.
You have razor-sharp teeth.
You have supernaturally acute eyesight. (SInv)
You are carnivorous and can eat meat at any time.
You cover ground quickly.
You are covered in thick fur. (AC +2)
You have a slow metabolism.
((Your sharp claws are effective at attacking unaware monsters.))


Message History

You hit Fannar.
Fannar is moderately wounded.
You hit Fannar but do no damage.
Fannar looks as sick as possible!
Fannar is moderately wounded.
Your adder misses Fannar.
Fannar hits you with a +0 quarterstaff of freezing!
* * * LOW HITPOINT WARNING * * *
Your adder barely misses Fannar.
Evoke which item? (* to show all) (? for menu, Esc to quit)
Aiming: Paralyse
Press: ? - help, Shift-Dir - straight line, f - Fannar
Aim: Fannar, wielding a +0 quarterstaff of freezing, wearing a +1 robe of cold resistance and wearing an uncursed ring of ice (moderately wounded, extremely poisoned, covered in an icy film, chance to defeat MR: 6%) Fannar resists with almost no effort.
Casting: Spider Form (safe; 4% risk of failure)
Confirm with . or Enter, or press ? or * to list all spells.
Your transformation has ended.
Your front paws turn into razor-sharp scythe blades.
Your adder bites Fannar but does no damage.
Fannar hits you with a +0 quarterstaff of freezing!
You die...

.#....#..#.........#.............
.#....#..#.........#............>
.#....#..# ........#.#####.......
.#....#..###.......#.# #.....##
.####.'....#...e...#.# #....)#
....#.#....#.......#.# #.....#
....###....##'######.#####.....#
...............................#
..............Se@..............#
####...........................#
#.......##########..........#
######### ############


You could see Fannar and a friendly adder.

Vanquished Creatures
  Erica (D:9)
  A two-headed ogre (D:10)
  A queen ant (D:8)
  3 death yaks (D:9)
  An unseen horror (D:10)
  Maurice (D:9)
  A troll (D:10)
  A wraith (D:9)
  7 yaks (D:9)
  18 soldier ants (D:8)
  A water moccasin (D:9)
  A black bear (D:9)
  2 sky beasts
  2 eyes of draining (D:5)
  2 ice beasts
  A hornet zombie (D:8)
  7 ogres
  2 phantoms
  3 necrophages
  3 centaurs
  2 big kobolds
  A scorpion (D:4)
  9 killer bees
  2 howler monkeys
  2 wights (D:8)
  3 crimson imps
  2 bullfrog zombies
  4 hounds
  5 jellies (D:8)
  6 orc priests
  7 orc wizards
  4 human zombies (D:9)
  A centaur skeleton (D:5)
  A human skeleton (D:9)
  An iguana (D:6)
  22 worker ants
  Ijyb (D:5)
  A killer bee zombie (D:5)
  An ogre zombie (D:9)
  3 mummies (D:9)
  A hound skeleton (D:7)
  A gnoll (D:5)
  11 adders
  3 shadow imps
  8 oozes
  2 adder skeletons
  An adder zombie (D:10)
  4 worms
  2 dart slugs
  2 leopard geckos
  41 orcs
  6 giant cockroaches
  13 goblins
  11 hobgoblins
  14 jackals
  26 kobolds
  8 quokkas
  4 ball pythons
  11 bats
  11 frilled lizards
  2 leopard gecko skeletons (D:4)
  2 leopard gecko zombies (D:5)
  An orc zombie (D:9)
  18 rats
340 creatures vanquished.

Vanquished Creatures (collateral kills)
  A killer bee (D:8)
  2 orc wizards
  A worker ant (D:5)
  A mummy (D:8)
  3 adders
  An orc (D:3)
  A bat (D:3)
  A goblin (D:3)
  2 jackals (D:5)
  A kobold (D:3)
  A rat (D:3)
15 creatures vanquished.

Vanquished Creatures (others)
  A soldier ant (D:8)
  A howler monkey (D:6)
  A bullfrog zombie (D:8)
  An orc priest (D:6)
  4 orcs
8 creatures vanquished.

Grand Total: 363 creatures vanquished

Notes
Turn   | Place    | Note
-------+----------+-------------------------------------------
     0 | D:1      | Coldstonesans the Felid Transmuter began the quest for the
                  | Orb.
     0 | D:1      | Reached XP level 1. HP: 9/9 MP: 4/4
   542 | D:1      | Reached XP level 2. HP: 12/12 MP: 6/6
   720 | D:1      | Learned a level 2 spell: Sticks to Snakes
  1113 | D:1      | Reached XP level 3. HP: 15/15 MP: 5/7
  1457 | D:2      | Reached XP level 4. HP: 19/19 MP: 4/8
  1571 | D:2      | Noticed a +0 hand axe
  1572 | D:2      | Found a hide-covered altar of Uskayaw.
  1573 | D:2      | Noticed a +0 dagger
  2074 | D:2      | Reached skill level 5 in Dodging
  2520 | D:3      | Reached XP level 5. HP: 19/23 MP: 9/9
  3422 | D:3      | Killed from afar by an orc priest
  3423 | D:3      | Reached XP level 4. HP: -5/20 MP: 8/8
  4101 | D:4      | Reached skill level 1 in Stealth
  4155 | D:4      | Found a shattered altar of Ashenzari.
  4160 | D:4      | Learned a level 3 spell: Spider Form
  4182 | D:4      | Reached XP level 5. HP: 13/23 MP: 5/9
  4643 | D:5      | Entered Level 5 of the Dungeon
  4673 | D:5      | Gained mutation: You are covered in thick fur. (AC +2)
                  | [Felid growth]
  4673 | D:5      | Reached XP level 6. HP: 28/28 MP: 1/10
  4712 | D:5      | Noticed KlerbSmash's ghost (novice MiFi)
  4870 | D:5      | Noticed Ijyb
  4929 | D:5      | Found an ancient bone altar of Kikubaaqudgha.
  4949 | D:5      | Killed Ijyb
  4967 | D:5      | Reached XP level 7. HP: 12/31 MP: 7/12
  5272 | D:5      | Found a glowing drain.
  5387 | Sewer    | Entered a sewer
  5795 | D:5      | Found a transporter.
  5797 | D:5      | Found a transporter.
  6070 | D:5      | Found a bloodstained altar of Trog.
  6086 | D:5      | Reached skill level 5 in Transmutations
  6244 | D:6      | Found a shimmering blue altar of Sif Muna.
  6262 | D:6      | Reached XP level 8. HP: 30/36 MP: 11/14
  6556 | D:6      | Learned a level 2 spell: Poisonous Vapours
  6562 | D:6      | Learned a level 5 spell: Blade Hands
  6642 | D:6      | Found a staircase to the Ecumenical Temple.
  6650 | Temple   | Entered the Ecumenical Temple
  6774 | Temple   | Became a worshipper of Ru the Awakened
  7085 | D:6      | Reached skill level 5 in Stealth
  7125 | D:6      | Reached skill level 1 in Poison Magic
  7484 | D:6      | Found a shimmering blue altar of Sif Muna.
  8078 | D:7      | Found a sparkling altar of Nemelex Xobeh.
  8382 | D:7      | Found an iron altar of Okawaru.
  8748 | D:7      | Reached XP level 9. HP: 39/39 MP: 14/16
  9731 | D:7      | HP: 1/39 [poisoned by an adder]
 10056 | D:8      | Found a glowing silver altar of Zin.
 10056 | D:8      | Found a burning altar of Makhleb.
 10061 | D:8      | Found a shimmering altar of Xom.
 10063 | D:8      | Found a hazy altar of Hepliaklqana.
 10066 | D:8      | Found a faded altar of an unknown god.
 10217 | D:8      | Reached skill level 5 in Spellcasting
 10231 | D:8      | Slain by a wight
 10232 | D:8      | Reached XP level 8. HP: -1/36 MP: 15/16
 10963 | D:8      | Noticed a queen ant
 10967 | D:8      | Reached XP level 9. HP: 31/39 MP: 13/17
 10972 | D:8      | Killed a queen ant
 11269 | D:8      | Reached XP level 10. HP: 35/43 MP: 11/19
 11285 | D:8      | HP: 2/43 [soldier ant (12)]
 11641 | D:8      | Reached skill level 10 in Transmutations
 11770 | D:9      | Found a glowing golden altar of the Shining One.
 11797 | D:9      | Noticed Maurice
 11824 | D:9      | Killed Maurice
 11824 | D:9      | Reached skill level 10 in Dodging
 12046 | D:9      | Found an ancient bone altar of Kikubaaqudgha.
 12115 | D:9      | Found a shadowy altar of Dithmenos.
 12144 | D:9      | Reached skill level 5 in Poison Magic
 12148 | D:9      | HP: 2/43 [orc wizard/+0 dagger (6)]
 12156 | D:9      | HP: 1/64 [poisoned by a killer bee]
 12160 | D:9      | Succumbed to a killer bee's poison
 12161 | D:9      | Reached XP level 9. HP: 0/58 MP: 18/19
 12396 | D:9      | Noticed Erica
 12404 | D:9      | Killed Erica
 12404 | D:9      | Reached XP level 10. HP: 27/43 MP: 12/20
 12506 | D:9      | Noticed a death yak
 12506 | D:9      | Noticed a death yak
 12507 | D:9      | Noticed a death yak
 12564 | D:9      | Killed a death yak
 12616 | D:9      | Killed a death yak
 12616 | D:9      | Reached skill level 10 in Stealth
 12686 | D:9      | Killed a death yak
 12790 | D:9      | Found a staircase to the Lair.
 12879 | D:10     | Entered Level 10 of the Dungeon
 12894 | D:10     | Learned a level 4 spell: Olgreb's Toxic Radiance
 12907 | D:10     | Noticed an unseen horror
 12927 | D:10     | Killed an unseen horror
 13134 | D:10     | Noticed a two-headed ogre
 13148 | D:10     | Killed a two-headed ogre
 13148 | D:10     | Reached XP level 11. HP: 11/46 MP: 16/22
 13693 | D:10     | Noticed Fannar
 13730 | D:10     | Slain by Fannar

Levels and vault maps discovered:
D:1:      nagdon_arrival_double_spiral, layout_basic
D:2:      layout_basic, dancing_weapons_uskayaw, first_ration, minmay_vboxes
D:3:      layout_rooms
D:4:      layout_rooms, lemuel_crystal_altar
D:5:      layout_loops_ring, kiku_gazebo_garden_becter, trog_eyes_of_draining,
          gammafunk_ghost_hive, cheibrodos_sewer_entry_sluice, uniq_ijyb
D:6:      layout_basic, led_sif_book, minmay_temple_entry_statues_pillars,
          basic_altar, lemuel_flamethrower_2
D:7:      layout_basic, kennysheep_okawaru_gauntlet, kennysheep_mini_moat
D:8:      layout_rooms, chequers_temple_overflow_minitemple, serial_undead,
          serial_undead_a, serial_undead_d, serial_undead_a, serial_undead_c,
          hangedman_little_slice_of_home, minmay_misc_feat_pillars, minivault_29
D:9:      layout_loops_ring, nicolae_overflow_crystal_walls,
          nicolae_overflow_hidden_temple, dpeg_lair_monsters,
          lemuel_mausoleum_altar_kikubaaqudgha, uniq_erica, uniq_maurice
D:10:     layout_irregular_city, erik_orc_3, uniq_fannar
Temple:   nicolae_temple_figure_zero

Skill      XL: |  1  2  3  4  5  6  7  8  9 10 |
---------------+-------------------------------+-----
Dodging        | 3 4 5 6 7 9 11 | 11.0
Fighting       | 2 3 4 |  4.2
Stealth        | 1 2 3 4 5 8 10 | 10.4
Transmutations | 3 4 5 7 9 11 | 11.5
Spellcasting   | 3 4 5 7 |  7.0
Poison Magic   | 2 4 5 |  5.9
Unarmed Combat | |  3.9

Action                   |  1- 3 |  4- 6 |  7- 9 | 10-12 || total
-------------------------+-------+-------+-------+-------++-------
Melee: Unarmed           |    93 |   301 |   453 |   238 ||  1085
       Headbutt          |    11 |    28 |     4 |       ||    43
       Bite              |     3 |    18 |    22 |    19 ||    62
       Punch             |       |     4 |     5 |     2 ||    11
 Cast: Beastly Appendage |    18 |    36 |     8 |       ||    62
       Sticks to Snakes  |     3 |    17 |     6 |     5 ||    31
       Spider Form       |       |     4 |    29 |     2 ||    35
       Poisonous Vapours |       |       |    14 |    29 ||    43
       Blade Hands       |       |       |    10 |    15 ||    25
       Olgreb's Toxic Ra |       |       |       |     1 ||     1
Invok: Reject Sacrifices |       |       |     1 |       ||     1
Evoke: Wand              |       |       |     9 |     9 ||    18
  Use: Potion            |       |     4 |     3 |    13 ||    20
       Scroll            |       |     2 |       |     1 ||     3
 Stab: Sleeping          |     4 |    13 |    17 |    11 ||    45
       Distracted        |       |     4 |     1 |       ||     5
       Confused          |       |     1 |     5 |       ||     6
  Eat: Chunk             |     6 |    10 |    15 |     7 ||    38
       Ration            |       |       |     1 |     1 ||     2
Armor: Skin              |     4 |     6 |    13 |     4 ||    27
Dodge: Dodged            |    68 |   262 |   477 |   277 ||  1084

Table legend:
 A = Non-vault XP
 B = Vault XP
 C = Vault XP percentage of total XP
 D = Non-vault monster count
 E = Vault monster count
 F = Vault count percentage of total count
                 A         B        C        D         E       F
            +---------+---------+-------+---------+---------+-------
      Total |    7714 |   10402 |  57.4 |     247 |     109 |  30.6
            +---------+---------+-------+---------+---------+-------
        D:1 |      50 |       0 |   0.0 |      33 |       0 |   0.0
        D:2 |     127 |       6 |   4.5 |      37 |       3 |   7.5
        D:3 |     123 |       0 |   0.0 |      27 |       0 |   0.0
        D:4 |     171 |       0 |   0.0 |      19 |       0 |   0.0
        D:5 |     572 |     313 |  35.4 |      26 |       9 |  25.7
        D:6 |     796 |       0 |   0.0 |      22 |       0 |   0.0
        D:7 |     682 |       3 |   0.4 |      13 |       2 |  13.3
        D:8 |    1104 |    4899 |  81.6 |      31 |      51 |  62.2
        D:9 |    2059 |    5027 |  70.9 |      29 |      20 |  40.8
       D:10 |    2030 |       0 |   0.0 |      10 |       0 |   0.0
      Sewer |       0 |     154 | 100.0 |       0 |      24 | 100.0
            +---------+---------+-------+---------+---------+-------
